 Dungeon Crawl Stone Soup version 0.14-a0-102-g2341383 (webtiles) character file.

346 Daniel the Sneak (level 4, -4/21 HPs)
             Began as a Spriggan Enchanter on Oct 3, 2013.
             Slain by an orc
             ... wielding a +0,+1 orcish war axe
              (11 damage)
             ... on Level 3 of the Dungeon.
             The game lasted 00:09:41 (1899 turns).

Daniel the Sneak (Spriggan Enchanter)               Turns: 1899, Time: 00:09:41

HP  -4/21        AC  3     Str  4      XL: 4   Next: 44%
MP   8/14        EV 18     Int 17      God:
Gold 248         SH  0     Dex 16      Spells:  2 memorised,  8 levels left

Res.Fire  : . . .   See Invis. : +   a - +1 dagger
Res.Cold  : . . .   Warding    : .   b - +1 robe
Life Prot.: . . .   Conserve   : .   (shield restricted)
Res.Poison: .       Res.Corr.  : .   (helmet restricted)
Res.Elec. : .       Clarity    : .   (no cloak)
Sust.Abil.: . .     Spirit.Shd : .   (gloves unavailable)
Res.Mut.  : .       Stasis     : .   (boots unavailable)
Res.Rott. : .       Flight     : .   (no amulet)
Saprovore : . . .                    (no ring)
                                     (no ring)

@: very slightly contaminated, very quick, slightly resistant to hostile
enchantments, quite stealthy
A: unfitting armour, see invisible, herbivore 3, speed 3, slow metabolism 2
a: no special abilities


You were on level 3 of the Dungeon.
You were not hungry.

You visited 1 branch of the dungeon, and saw 3 of its levels.

You collected 228 gold pieces.

Inventory:

Hand weapons
 a - a +1,+1 dagger (weapon)
Missiles
 d - 11 darts
 l - 12 poisoned needles
 A - a poisoned tomahawk (quivered)
Armour
 b - a +1 robe (worn)
Magical devices
 D - a wand of disintegration (9) {unknown}
Comestibles
 n - a meat ration
 r - an apple
 u - 2 chokos
 B - a pear
Scrolls
 f - a scroll of noise {unknown}
 h - 2 scrolls of recharging {unknown}
 i - 2 scrolls of magic mapping {unknown}
 j - a scroll of curse jewellery {unknown}
 m - 2 scrolls of remove curse {unknown}
 p - a scroll of blinking {unknown}
 q - 2 scrolls of fear {unknown}
 t - a scroll of enchant armour {unknown}
 v - a scroll of enchant weapon II {unknown}
 y - a scroll of identify {unknown}
 z - 2 scrolls of teleportation {unknown}
Jewellery
 o - a cursed ring of teleport control {unknown}
 x - a +1 ring of protection {unknown}
Potions
 e - a potion of porridge
 g - 2 potions of mutation {unknown}
 k - a potion of magic {unknown}
 s - a potion of heal wounds {unknown}
 w - a potion of might {unknown}
 C - 3 potions of curing {unknown}
 E - a potion of speed {unknown}
Books
 c - a book of Maledictions

   Spells                             Type                      Level
   *Corona                            Hexes                        1
   Sure Blade                         Hexes/Charms                 2
   *Ensorcelled Hibernation           Hexes/Ice                    2
   Confuse                            Hexes                        3
   Enslavement                        Hexes                        4
   Invisibility                       Hexes                        6


   Skills:
 - Level 1.1 Short Blades
 - Level 1.1 Throwing
 - Level 3.0 Dodging
 - Level 5.1 Stealth
 * Level 4.2 Spellcasting
 - Level 3.6 Hexes
 + Level 0.0 Evocations


You had 8 spell levels left.
You knew the following spells:

 Your Spells              Type           Power        Failure   Level  Hunger
a - Corona                Hex            ###....      3%          1    None
b - Ensorcelled Hibernat  Hex/Ice        #.....       14%         2    ##.....


Dungeon Overview and Level Annotations

Branches:
Dungeon (3/27)

Altars:


Innate Abilities, Weirdness & Mutations

You are tiny and cannot use many weapons and most armour.
You have supernaturally acute eyesight.
You are a herbivore.
You cover ground extremely quickly.
You need consume almost no food.


Message History

Aim: an orc, wielding an orcish war axe and wearing an orcish chain mail (heavily wounded)
The orc resists.
Casting: Ensorcelled Hibernation
Confirm with . or Enter, or press ? or * to list all spells.
Aiming: Ensorcelled Hibernation
Press: ? - help, Shift-Dir - straight line, f/p - orc
Aim: an orc, wielding an orcish war axe and wearing an orcish chain mail (heavily wounded)
You miscast Ensorcelled Hibernation.
You are very lightly contaminated with residual magic.
Multicoloured lights dance before your eyes!
The orc hits you with an orcish war axe.
Casting: Ensorcelled Hibernation
Confirm with . or Enter, or press ? or * to list all spells.
Aiming: Ensorcelled Hibernation
Press: ? - help, Shift-Dir - straight line, f/p - orc
Aim: an orc, wielding an orcish war axe and wearing an orcish chain mail (heavily wounded)
You miscast Ensorcelled Hibernation.
Nothing appears to happen.
The orc hits you with an orcish war axe!
Ouch! That really hurt!
You die...

.#.# #.# .#.# #.# .#.#
#.# .#.# #.#
.#.#######.#
.#.......#.#
.#######.#.# .#
#...#.###########
.#####.#>..(..oo@....#
...........########.##
######.#..## #.#
...o.......# #.#
..#...#....# #.#
#..#..##...# #.#
#...#.##...# #.#
#....###...# #.#
..#### #...# #.#


You could see 2 orcs.

Vanquished Creatures
  3 adders (D:2)
  A giant mite (D:2)
  A worm (D:2)
  An orc (D:3)
  7 hobgoblins
  8 jackals
  5 kobolds
  An ooze (D:1)
  2 quokkas (D:2)
  7 bats
  A giant cockroach (D:1)
  7 giant newts
  5 goblins
  6 rats (D:1)
55 creatures vanquished.

Notes
Turn   | Place    | Note
--------------------------------------------------------------
     0 | D:1      | Daniel, the Spriggan Enchanter, began the quest for the Orb.
     0 | D:1      | Reached XP level 1. HP: 9/9 MP: 4/4
   153 | D:1      | Reached XP level 2. HP: 13/13 MP: 6/6
   290 | D:1      | Learned a level 2 spell: Ensorcelled Hibernation
   333 | D:1      | Reached skill level 4 in Stealth
   737 | D:1      | Reached XP level 3. HP: 11/16 MP: 10/10
  1012 | D:2      | Reached XP level 4. HP: 14/21 MP: 10/13
  1070 | D:2      | Reached skill level 5 in Stealth
  1899 | D:3      | Slain by an orc

Action                   |  1- 3 |  4- 6 || total
-------------------------+-------+-------++-------
Melee: Dagger            |   119 |   125 ||   244
Throw: Dart              |       |     1 ||     1
       Tomahawk          |       |     1 ||     1
 Cast: Ensorcelled Hiber |     9 |     1 ||    10
 Stab: Sleeping          |    10 |     1 ||    11
